 Dungeon Crawl Stone Soup version 0.19.0-19-g8c6edcc (webtiles) character file.

62 Monsterracer the Chopper (level 3, 0/31 HPs)
             Began as a Minotaur Monk on Nov 12, 2016.
             Killed from afar by Sigmund (10 damage)
             ... with a magic dart
             ... on level 3 of the Dungeon.
             The game lasted 00:02:02 (1427 turns).

Monsterracer the Chopper (Minotaur Monk)            Turns: 1427, Time: 00:02:02

Health: 0/31       AC:  2    Str: 15    XL:     3   Next: 85%
Magic:  2/2        EV: 13    Int:  7    God:
Gold:   47         SH:  0    Dex: 13    Spells: 0 memorised, 2 levels left

rFire  . . .     SeeInvis .     a - +0 hand axe
rCold  . . .     Gourm    .     b - +0 robe
rNeg   . . .     Faith    .     (no shield)
rPois  .         Spirit   .     (helmet restricted)
rElec  .         Reflect  .     (no cloak)
rCorr  .         Harm     .     (no gloves)
MR     .....                    (no boots)
Stlth  +++.......               (no amulet)
                                (no ring)
                                f - ring of stealth (curse)

@: no status effects
A: retaliatory headbutt, horns 2
a: no special abilities


You were on level 3 of the Dungeon.
You were hungry.

You visited 1 branch of the dungeon, and saw 3 of its levels.

You collected 47 gold pieces.

Inventory:

Hand Weapons
 a - a +0 hand axe (weapon)
Armour
 b - a +0 robe (worn)
Jewellery
 f - a cursed ring of stealth (left hand)
Scrolls
 e - a scroll of remove curse {unknown}
 g - a scroll of fog {unknown}
 h - 2 scrolls of magic mapping {unknown}
 i - a scroll of immolation {unknown}
 l - 3 scrolls of identify {unknown}
 m - a scroll of recharging {unknown}
 n - a scroll of enchant armour {unknown}
 o - a scroll of noise {unknown}
Potions
 k - 3 potions of flight
Comestibles
 c - 2 bread rations
 d - a beef jerky
 j - 2 slices of pizza


   Skills:
 - Level 3.6 Fighting
 + Level 5.8 Axes
 - Level 3.2 Dodging
 - Level 1.5 Stealth


You had 2 spell levels left.
You didn't know any spells.

Dungeon Overview and Level Annotations

Branches:
Dungeon (3/15)

Altars:
Xom

Annotations:
D:3 Sigmund


Innate Abilities, Weirdness & Mutations

You reflexively headbutt those who attack you in melee.
You have a pair of horns on your head.


Message History

Found 9 gold pieces.
Found a scroll labeled APROMO WUDO.
Sigmund screams, "Die, monster!"
Sigmund hits you with a scythe!
You barely miss Sigmund. Your headbutt misses Sigmund.
Sigmund points at you and mumbles some strange words.
The magic dart hits you!
You hit Sigmund. You headbutt Sigmund.
Sigmund is moderately wounded.
Sigmund hits you with a scythe.
You closely miss Sigmund. You headbutt Sigmund.
Sigmund is heavily wounded.
You closely miss Sigmund.
Sigmund is heavily wounded.
Sigmund hits you with a scythe.
You hit Sigmund but do no damage. You headbutt Sigmund.
Sigmund is severely wounded.
Sigmund points at you and mumbles some strange words.
The magic dart hits you!
You die...

########......####
.......'......'... ##
########......#... #..
#........#... #?.
#........#### #.$.
#...####+####
#...######............
#..[....##............
+...@@..'.............
#.......###.#####+##..
#.......# #.# ###
#.......# #..
####....# ##.# ######
.. #.# #### #... ###.


You could see Sigmund.

Vanquished Creatures
  Ijyb (D:2)
  An adder (D:2)
  A dart slug (D:2)
  A ball python (D:2)
  A bat (D:2)
  A giant cockroach (D:2)
  5 goblins
  3 hobgoblins
  2 jackals (D:1)
  4 kobolds (D:1)
  3 frilled lizards
  A rat (D:2)
24 creatures vanquished.

Notes
Turn   | Place    | Note
-------+----------+-------------------------------------------
     0 | D:1      | Monsterracer the Minotaur Monk began the quest for the Orb.
     0 | D:1      | Reached XP level 1. HP: 19/19 MP: 0/0
   312 | D:1      | Reached skill level 4 in Axes
   396 | D:1      | Reached XP level 2. HP: 18/26 MP: 1/1
   770 | D:2      | Noticed Ijyb
   782 | D:2      | Killed Ijyb
   782 | D:2      | Reached skill level 5 in Axes
   782 | D:2      | Reached XP level 3. HP: 24/31 MP: 2/2
   801 | D:2      | Found a shimmering altar of Xom.
  1418 | D:3      | Noticed Sigmund
  1427 | D:3      | Killed from afar by Sigmund

Skill      XL: |  1  2 |
---------------+-------+-----
Axes           | 4 5 |  5.8
Fighting       | |  3.6
Dodging        | |  3.2
Stealth        | |  1.5

Action                   || total
-------------------------++-------
Melee: Hand axe          ||    62
       Headbutt          ||    10
  Use: Potion            ||     2
 Stab: Sleeping          ||     3
  Eat: Chunk             ||     1
Armor: Robe              ||     9
Dodge: Dodged            ||    34
